cohdb
Replays
Latest Replays
All Replays
Popular Replays
Top Player Replays
Match Explorer
How It Works
Community
CoH3 Stats
Reddit
Sign in to upload your games and track your stats! →
Sign in with Steam
Match 27577281
Unlisted
Match 27577281
Overview
Messages
Build Orders
End
Construct Infanterie Kompanie
Grenadier Squad
Grenadier Squad
Grenadier Squad
MG 42 Machine Gun Team
Grenadier Squad
Construct Luftwaffe Kompanie
Selects Support Bunkers
Jäger Squad
Flak 30 Anti-aircraft Gun Team
Selects Rapid Fortifications
Selects Coastal Reserves
Jäger Squad
Support Elements
Wirbelwind Flakpanzer
Luftwaffe Officer Quarters
Infanterie Officer Quarters
Coastal Reserve
Marder III M Tank Destroyer
Selects Bulwark
Pioneer Squad
Selects Artillery Officer
Grenadier Squad
Construct Panzer Kompanie
Artillery Officer
Construct Panzer Kompanie
Selects Coastal Wall
Sturmpanzer IV Brummbär
Stoßtruppen Squad
Pioneer Squad
Pioneer Squad
Panzer IV Medium Tank
Panzer Officer Quarters
Grenadier Squad
Grenadier Squad
Sturmpanzer IV Brummbär
GrW 34 Mortar Team
Panzer IV Medium Tank
Selects Italian Coastal Battlegroup
Selects Italian Coastal Battlegroup
CPU - 전문가
CPU - 전문가
Bundeswehr_IQ
MMMMMMMMMMMM
0
0
Comments
sign in to comment!
No comments posted yet!